 Dungeon Crawl Stone Soup version 0.24.0-41-g2ae2f7f1be (webtiles) character file.

Game seed: 9686536703785328813, levelgen mode: deterministic

1766 Delamore the Cleaver (level 9, -1/105 HPs)
             Began as a Hill Orc Fighter on Dec 13, 2019.
             Was a Follower of Okawaru.
             Slain by an orc warrior
             ... wielding a +0 battleaxe
              (12 damage)
             ... on level 7 of the Dungeon.
             The game lasted 00:06:52 (5795 turns).

Delamore the Cleaver (Hill Orc Fighter)             Turns: 5795, Time: 00:06:53

Health: -1/105     AC: 30    Str: 22    XL:     9   Next: 7%
Magic:  18/18      EV:  2    Int:  8    God:    Okawaru [*.....]
Gold:   346        SH: 12    Dex: 10    Spells: 8/8 levels left

rFire    . . .     SeeInvis .   a - +0 war axe
rCold    . . .     Gourm    .   c - +1 shield
rNeg     + + +     Faith    .   (armour currently unavailable)
rPois    +         Spirit   .   (helmet currently unavailable)
rElec    .         Reflect  +   (cloak currently unavailable)
rCorr    .         Harm     .   (gloves currently unavailable)
MR       .....     NoTele   +   (boots currently unavailable)
Stlth    +.........             o - +2 amulet of reflection
HPRegen  0.27/turn              r - +6 ring of protection
MPRegen  0.16/turn              t - ring of magical power

@: tree-form
A: no striking features
a: Heroism, Renounce Religion


You were on level 7 of the Dungeon.
You worshipped Okawaru.
Okawaru was aware of your devotion.
You were not hungry.
You were a tree.
You visited 2 branches of the dungeon, and saw 8 of its levels.

You collected 346 gold pieces.

Inventory:

Hand Weapons
 a - a +0 war axe (weapon)
 A - a +0 mace
Missiles
 m - 30 poisoned darts (quivered)
 B - 4 silver boomerangs
Armour
 b - a +0 scale mail (melded)
 c - a +1 shield (worn)
Jewellery
 i - an uncursed amulet of rage
 o - a +2 amulet of reflection (around neck)
 r - a +6 ring of protection (left branch)
 t - a ring of magical power (right branch)
 w - an uncursed amulet of the acrobat
Scrolls
 g - 2 scrolls of immolation
 j - 3 scrolls of enchant armour
 k - 2 scrolls of fog
 l - a scroll of enchant weapon
 s - a scroll of amnesia
 y - a scroll of fear {unknown}
 C - a scroll of blinking {unknown}
Potions
 d - 3 potions of might
 e - a potion of magic
 h - 3 potions of ambrosia
 n - 2 potions of flight {unknown}
 p - 5 potions of curing
 q - a potion of berserk rage {unknown}
 u - a potion of degeneration {unknown}
 v - 2 potions of lignification
Comestibles
 f - 6 rations
 x - 2 chunks of flesh


   Skills:
 - Level 3.6 Fighting
 + Level 14.2 Axes
 - Level 3.2 Armour
 - Level 3.2 Shields


You had 8 spell levels left.
You didn't know any spells.
Your spell library contained the following spells:

 Spells                   Type           Power        Failure   Level  Hunger
 Corona                   Hex            #......      89%         1    ##.....
 Ensorcelled Hibernation  Hex/Ice        #.....       96%         2    ###....
 Confuse                  Hex            #.......     99%         3    ####...
 Dazzling Spray           Conj/Hex       #.....       99%         3    ####...
 Tukima's Dance           Hex            #.......     99%         3    ####...


Dungeon Overview and Level Annotations

Branches:
Dungeon (7/15)             Temple (1/1) D:6

Altars:
Ashenzari
Cheibriados
Dithmenos
Elyvilon
Fedhas
Gozag
Hepliaklqana
Kikubaaqudgha
Makhleb
Nemelex Xobeh
Okawaru
Qazlal
Ru
Sif Muna
Trog
Uskayaw
Vehumet
Wu Jian
Xom
Yredelemnul
Zin
The Shining One

Shops:
D:5 %

Annotations:
D:6 1 runed translucent door, Gerstahl's ghost, novice DsGl


Message History

The orc warrior hits you but does no damage.
You slash the orc warrior!
The orc warrior is moderately wounded.
A wyvern zombie comes into view.
You barely miss the orc warrior.
The orc warrior is moderately wounded.
The orc warrior hits you with a +0 battleaxe.
* * * LOW HITPOINT WARNING * * *
You closely miss the orc warrior.
The orc warrior is moderately wounded.
The orc warrior hits you but does no damage.
You hit the orc warrior but do no damage.
The orc warrior is moderately wounded.
Your shield prevents you from hitting the orc warrior.
The orc warrior is moderately wounded.
The orc warrior completely misses you.
You hit the orc warrior.
The orc warrior is moderately wounded.
The orc warrior hits you with a +0 battleaxe!
You die...

####.###..###.###..
#......<...÷..÷.#..
##########.##.#......#.#.#..
#........#.##....#...#.#....
#.######.#.##........#.....#
.#####.#
#.........###..#####.#
....<..# #.....#.....<..#
#.. .#######
#...#.#######... #.. #####♣#
#... #.. #o# ##. ##o## #.
#Zo.# #. #...# (# ....... .
#........o #.......###
##....###


You could see an orc warrior, 2 orcs and a wyvern zombie.

Vanquished Creatures
  A troll (D:7)
  Sigmund (D:6)
  A sky beast (D:6)
  An orc warrior (D:6)
  An ogre (D:4)
  A centaur (D:5)
  Blork the orc (D:5)
  2 bullfrogs (D:6)
  A scorpion (D:4)
  A crimson imp (D:7)
  2 hounds
  7 orc wizards
  2 orc priests (D:5)
  2 bullfrog skeletons
  A centaur skeleton (D:4)
  An iguana (D:4)
  3 worker ants
  A hound skeleton (D:4)
  A howler monkey zombie (D:5)
  6 adders
  4 gnolls (D:3)
  A shadow imp (D:2)
  2 oozes
  An adder skeleton (D:4)
  4 worms
  3 dart slugs
  6 leopard geckos
  25 orcs
  2 ball pythons
  3 giant cockroaches
  15 goblins
  6 hobgoblins
  A jackal (D:1)
  9 kobolds
  4 quokkas
  8 bats
  7 frilled lizards
  A quokka skeleton (D:4)
  5 rats (D:1)
144 creatures vanquished.

Notes
Turn   | Place    | Note
-------+----------+-------------------------------------------
     0 | D:1      | Delamore the Hill Orc Fighter began the quest for the Orb.
     0 | D:1      | Reached XP level 1. HP: 19/19 MP: 1/1
    63 | D:1      | Reached skill level 3 in Axes
   350 | D:1      | Reached XP level 2. HP: 26/26 MP: 2/2
   437 | D:1      | Reached skill level 4 in Axes
   556 | D:1      | Reached XP level 3. HP: 30/31 MP: 3/3
   978 | D:2      | Reached skill level 5 in Axes
  1334 | D:2      | Reached XP level 4. HP: 39/39 MP: 4/4
  1580 | D:2      | Found a shimmering blue altar of Sif Muna.
  1933 | D:2      | Reached skill level 6 in Axes
  2095 | D:3      | Reached XP level 5. HP: 42/45 MP: 5/5
  2206 | D:3      | Reached skill level 7 in Axes
  2741 | D:3      | Reached skill level 8 in Axes
  2741 | D:3      | Reached XP level 6. HP: 51/51 MP: 6/6
  2909 | D:4      | Reached skill level 9 in Axes
  3103 | D:4      | Reached XP level 7. HP: 31/57 MP: 7/7
  3301 | D:4      | Reached skill level 10 in Axes
  3841 | D:5      | Entered Level 5 of the Dungeon
  3933 | D:5      | Found a shadowy altar of Dithmenos.
  4021 | D:5      | Found Lygothrel's Food Boutique.
  4062 | D:5      | Noticed Blork the orc
  4070 | D:5      | Killed Blork the orc
  4070 | D:5      | Reached skill level 11 in Axes
  4191 | D:5      | Got a bloodstained robe
  4202 | D:5      | Identified the +1 robe of Marbles {*Corrode rElec Int+4
                  | Stlth+} (You found it on level 5 of the Dungeon)
  4259 | D:5      | Reached XP level 8. HP: 27/64 MP: 8/8
  4694 | D:6      | Reached skill level 12 in Axes
  4696 | D:6      | Found a staircase to the Ecumenical Temple.
  4703 | Temple   | Entered the Ecumenical Temple
  4882 | Temple   | Became a worshipper of Warmaster Okawaru
  4918 | D:6      | Found an opulent altar of Gozag.
  5162 | D:6      | Noticed Sigmund
  5188 | D:6      | Killed Sigmund
  5188 | D:6      | Reached skill level 13 in Axes
  5402 | D:6      | Found a runed translucent door.
  5403 | D:6      | Noticed Gerstahl's ghost (novice DsGl)
  5672 | D:7      | Reached * piety under Okawaru
  5774 | D:7      | Noticed a troll
  5786 | D:7      | Killed a troll
  5786 | D:7      | Reached skill level 14 in Axes
  5786 | D:7      | Reached XP level 9. HP: 28/70 MP: 9/9
  5795 | D:7      | Slain by an orc warrior

Levels and vault maps discovered:
D:1:      dpeg_arrival_subterranean_lakeside_camping, layout_basic,
          serial_glass, glass_columns_a, glass_columns_c, minmay_bisected
D:2:      layout_basic, led_sif_pool
D:3:      layout_basic
D:4:      layout_basic, first_ration, patterned_corridor
D:5:      layout_gridville, basic_altar, serial_shops, nicolae_shop_crystal,
          uniq_blork_the_orc
D:6:      layout_loops_ring, minmay_temple_entry_drinking_statues,
          ebering_ghost_reflecting_pool,
          nicolae_gozag_cash_rules_everything_around_me, uniq_sigmund
D:7:      layout_loops_cross
Temple:   minmay_crystal_snake_temple

Skill      XL: |  1  2  3  4  5  6  7  8 |
---------------+-------------------------+-----
Axes           | 3 4 5 6 8 9 11 14 | 14.2
Fighting       | |  3.6
Armour         | |  3.2
Shields        | |  3.2

Action                   |  1- 3 |  4- 6 |  7- 9 || total
-------------------------+-------+-------+-------++-------
Melee: War axe           |   137 |   192 |   197 ||   526
  Use: Scroll            |       |       |     8 ||     8
       Potion            |       |       |     3 ||     3
  Eat: Chunk             |     2 |     6 |     8 ||    16
Armor: Scale mail        |    60 |    81 |    43 ||   184
       Ring mail         |       |       |    11 ||    11
       Skin              |       |       |     2 ||     2
Dodge: Dodged            |    39 |    38 |    46 ||   123
Block: Shield            |    74 |    98 |   109 ||   281
       Reflection        |       |     3 |     5 ||     8
